 Dungeon Crawl Stone Soup version 0.26.0-10-g1f06aea511 (webtiles) character file.

Game seed: 9339766177810121730

17 MajorAdolf the Firebug (level 2, -2/22 HPs)
             Began as a Naga Fire Elementalist on Jan 17, 2021.
             Slain by a gnoll
             ... wielding a +0 club
              (11 damage)
             ... on level 1 of the Dungeon.
             The game lasted 00:01:51 (507 turns).

MajorAdolf the Firebug (Naga Fire Elementalist)      Turns: 507, Time: 00:01:51

Health: -2/22      AC:  2    Str: 10    XL:     2   Next: 62%
Magic:  0/5        EV: 10    Int: 15    God:
Gold:   21         SH:  0    Dex: 11    Spells: 5/6 levels left

rFire    . . .     SeeInvis +   (no weapon)
rCold    . . .     Faith    .   (no shield)
rNeg     . . .     Spirit   .   a - +0 robe
rPois    +         Reflect  .   d - +0 helmet
rElec    .         Harm     .   (no cloak)
rCorr    .         Rampage  .   (no gloves)
Will     .....                  (no barding)
Stlth    ++........             (no amulet)
HPRegen  0.07/turn              (no ring)
MPRegen  0.09/turn              (no ring)

@: short of breath, very slow
A: large, see invisible, deformed body, poison resistance, slowness 2, spit
poison 1, AC +0
a: Spit Poison


You were on level 1 of the Dungeon.
You visited 1 branch of the dungeon, and saw 1 of its levels.

You collected 21 gold pieces.

Inventory:

Armour
 a - a +0 robe (worn)
 d - a +0 helmet (worn)
Scrolls
 b - a scroll of enchant weapon {unknown}
 f - a scroll of random uselessness {unknown}
 g - a scroll of teleportation {unknown}
Potions
 c - a potion of ambrosia {unknown}
 e - a potion of haste {unknown}


   Skills:
 - Level 1.5 Dodging
 - Level 3.0 Stealth
 + Level 2.5 Spellcasting
 + Level 1.1 Conjurations
 + Level 3.3 Fire Magic


You had 5 spell levels left.
You knew the following spells:

 Your Spells              Type           Power        Failure   Level
a - Foxfire               Conj/Fire      32%          9%          1

Your spell library contained the following spells:

 Spells                   Type           Power        Failure   Level
 Conjure Flame            Conj/Fire      8%           26%         3
 Inner Flame              Hex/Fire       6%           32%         3
 Sticky Flame             Conj/Fire      8%           63%         4
 Fireball                 Conj/Fire      4%           93%         5


Dungeon Overview and Level Annotations

Branches:
Dungeon (1/15)

Altars:


Innate Abilities, Weirdness & Mutations

You cannot wear boots.
Your serpentine skin is tough. (AC +0)
You have supernaturally acute eyesight. (SInv)
Armour fits poorly on your strangely shaped body.
Your system is resistant to poisons. (rPois)
You cover ground very slowly.
You can spit poison.


Message History

The splash of poison hits the hobgoblin!
You kill the hobgoblin!
The goblin hits you with a +0 club.
Your magical contamination has completely faded away.
Unknown command.
You have got your breath back.
Casting: Foxfire (safe; 9% risk of failure)
Confirm with . or Enter, or press ? or * to list all spells.
You conjure some foxfire!
The goblin barely misses you.
Unknown command.
The foxfire hits the goblin.
The goblin is severely wounded.
The foxfire hits the goblin.
You kill the goblin!
Unknown command.
Press: ? - help, Shift-Dir - straight line, f - gnoll
Aim: a gnoll, wielding a +0 club The splash of poison misses the gnoll.
The gnoll hits you with a +0 club!
Ouch! That really hurt!
You die...

##......≈...≈.#.# #.....#
...(...≈...≈.#.############
.....#...≈..≈.#.##...#
......#....≈.≈.#......# ..
##...≈.≈.#..#†..#
##...≈..#..##.##
#......#..##.#
##....§#..(..#
#...g@...#### ##.).†....#
#.##..>..# ##)##†#...#
#.........# #..##.#+#.#
#..##.....######
##.)............#
#..........####.#


You could see a gnoll.

Vanquished Creatures
  4 leopard geckos (D:1)
  2 hobgoblins (D:1)
  2 kobolds (D:1)
  2 bats (D:1)
  2 goblins (D:1)
  A rat (D:1)
13 creatures vanquished.

Vanquished Creatures (collateral kills)
  A foxfire (D:1)
1 creature vanquished.

Vanquished Creatures (others)
  24 foxfires (D:1)
24 creatures vanquished.

Grand Total: 38 creatures vanquished

Notes
Turn   | Place    | Note
-------+----------+-------------------------------------------
     0 | D:1      | MajorAdolf the Naga Fire Elementalist began the quest for
                  | the Orb.
     0 | D:1      | Reached XP level 1. HP: 15/15 MP: 3/3
   138 | D:1      | Reached XP level 2. HP: 22/22 MP: 1/5
   507 | D:1      | Slain by a gnoll

Illustrated notes

Levels and vault maps discovered:
D:1:      ebering_trefoil_3fold, layout_basic, minmay_circled_x

Action                   || total
-------------------------++-------
Melee: Unarmed           ||     5
 Cast: Foxfire           ||    17
 Abil: Spit Poison       ||     3
Dodge: Dodged            ||     6
